 Dungeon Crawl Stone Soup version 0.22-a0-266-g5fdf0d7 (webtiles) character file.

107 tsouns the Bolt Thrower (level 5, -2/31 HPs)
             Began as a Kobold Hunter on Mar 8, 2018.
             Was an Initiate of Trog.
             Slain by a hobgoblin (4 damage)
             ... on level 2 of the Dungeon.
             The game lasted 00:04:12 (2808 turns).

tsouns the Bolt Thrower (Kobold Hunter)             Turns: 2808, Time: 00:04:13

Health: -2/31      AC:  6    Str: 11    XL:     5   Next: 10%
Magic:  5/5        EV: 12    Int: 12    God:    Trog [......]
Gold:   99         SH:  0    Dex: 17    Spells: 4/4 levels left

rFire    + . .     SeeInvis .   b - +0 short sword
rCold    + + .     Gourm    .   (shield restricted)
rNeg     . . .     Faith    .   n - +0 scale mail
rPois    +         Spirit   .   (no helmet)
rElec    +         Reflect  .   (no cloak)
rCorr    +         Harm     .   (no gloves)
MR       .....                  (no boots)
Stlth    +.........             (no amulet)
HPRegen  0.10/turn              (no ring)
MPRegen  0.09/turn              (no ring)

@: resistant, hasted, very quick
A: small, agile 1, carnivore, cold resistance 1
a: Renounce Religion


You were on level 2 of the Dungeon.
You worshipped Trog.
Trog was noncommittal.
You were completely stuffed.

You visited 1 branch of the dungeon, and saw 3 of its levels.

You collected 99 gold pieces.

Inventory:

Hand Weapons
 a - a +1 hand crossbow
 b - a +0 short sword (weapon)
Missiles
 d - 16 bolts
 e - 41 arrows
 g - 36 stones (quivered)
 o - 2 throwing nets
Armour
 c - a +0 leather armour
 n - a +0 scale mail (worn)
Wands
 l - a wand of paralysis (8)
Scrolls
 i - a scroll of remove curse {unknown}
 k - a scroll of teleportation
 r - a scroll of identify
Potions
 h - a potion of flight
 q - a potion of resistance
Comestibles
 f - 10 rations
 p - a chunk of flesh


   Skills:
 + Level 2.6 Fighting
 + Level 1.5 Short Blades
 + Level 6.1 Crossbows
 + Level 1.2 Armour
 + Level 2.7 Dodging
 + Level 1.9 Stealth


You had 4 spell levels left.
You didn't know any spells.

Dungeon Overview and Level Annotations

Branches:
Dungeon (3/15)

Altars:
Ashenzari
Makhleb
Trog


Innate Abilities, Weirdness & Mutations

You are small and have problems with some larger weapons.
You are carnivorous and can eat meat at any time.
You are agile. (Dex +2)
Your flesh is cold resistant. (rC+)


Message History

The hobgoblin closely misses you.
The orc priest looks braver for a moment.
The orc priest invokes the aid of Beogh against you.
Beogh smites you!
The orc priest calls down the wrath of Beogh upon you.
Beogh smites you!
* * * LOW HITPOINT WARNING * * *
There is a stone staircase leading up here.
The hobgoblin barely misses you.
You climb upwards.
There is a stone staircase leading down here.
Okay, then.
It was a potion of resistance.
You feel protected. The hobgoblin barely misses you.
It was a potion of mutation.
You feel extremely strange.
You feel resistant to cold.
You feel agile.
The hobgoblin hits you but does no damage.
It was a potion of haste.
You feel yourself speed up. The hobgoblin hits you.
You die...

#.###########.#)#
#.........
#.............#.#
####.#####
#############...# #.#
##..# #.## #..# #..###
#..# #....# #..#
#####....# ########g#
#....._..# #.......@#
#.......##
#.#############.......#
#.#...........'.......#
#.##.##########.......#
#.##.# ############
#.##.# #......#
#.##.#######.####.#
#.##.........# #.#
#.############ #.#


You could see a hobgoblin.

Vanquished Creatures
  A hound (D:2)
  4 adders (D:2)
  3 dart slugs
  A leopard gecko (D:3)
  An orc (D:3)
  5 bats
  A giant cockroach (D:3)
  4 goblins
  5 hobgoblins
  3 jackals (D:1)
  A frilled lizard (D:2)
  4 kobolds
  2 rats
35 creatures vanquished.

Notes
Turn   | Place    | Note
-------+----------+-------------------------------------------
     0 | D:1      | tsouns the Kobold Hunter began the quest for the Orb.
     0 | D:1      | Reached XP level 1. HP: 12/12 MP: 1/1
   114 | D:1      | Reached skill level 5 in Crossbows
   183 | D:1      | Reached XP level 2. HP: 7/17 MP: 2/2
  1112 | D:2      | Reached skill level 1 in Short Blades
  1112 | D:2      | Reached XP level 3. HP: 15/22 MP: 3/3
  1565 | D:2      | Reached XP level 4. HP: 27/27 MP: 4/4
  1665 | D:2      | Found a burning altar of Makhleb.
  1764 | D:2      | Reached skill level 6 in Crossbows
  1764 | D:2      | Reached skill level 1 in Armour
  2069 | D:2      | Found a bloodstained altar of Trog.
  2093 | D:2      | Became a worshipper of Trog the Wrathful
  2480 | D:3      | Reached XP level 5. HP: 22/31 MP: 5/5
  2670 | D:3      | Found a shattered altar of Ashenzari.
  2803 | D:3      | HP: 1/31 [orc priest/divine providence (15)]
  2807 | D:2      | Gained mutation: Your flesh is cold resistant. (rC+) [potion of mutation]
  2807 | D:2      | Gained mutation: You are agile. (Dex +2) [potion of mutation]
  2808 | D:2      | Slain by a hobgoblin

Vault maps used:
D:1:      dpeg_arrival_windows_large_door
D:2:      bloody_trog, makhleb_blood_cavern_becter
D:3:      cheibrodos_greedy_goblins, okawaru_altar_gauntlet_db,
          evilmike_ruin_ashenzari, item_on_display_a, uniq_terence, uniq_natasha

Skill      XL: |  1  2  3  4 |
---------------+-------------+-----
Crossbows      | 5 6 |  6.1
Short Blades   | 1 |  1.5
Armour         | 1 |  1.2
Fighting       | |  2.6
Dodging        | |  2.7
Stealth        | |  1.9

Action                   |  1- 3 |  4- 6 || total
-------------------------+-------+-------++-------
Melee: Short sword       |    39 |    73 ||   112
 Fire: Hand crossbow     |    32 |     2 ||    34
  Use: Scroll            |     5 |       ||     5
       Potion            |       |     3 ||     3
 Stab: Sleeping          |     2 |       ||     2
  Eat: Chunk             |    10 |     4 ||    14
Armor: Leather armour    |    15 |    11 ||    26
       Scale mail        |       |    22 ||    22
Dodge: Dodged            |    47 |    60 ||   107

Table legend:
 A = Spawn XP
 B = Non-spawn XP
 C = Spawn XP percentage of total XP
 D = Spawn monster count
 E = Non-spawn monster count
 F = Spawn count percentage of total count
 G = Total turns spent on level
                    A         B        C        D         E        F      G
               +---------+---------+-------+---------+---------+-------+---------
         Total |       0 |     153 |   0.0 |       0 |      35 |   0.0 |  2808
               +---------+---------+-------+---------+---------+-------+---------
           D:1 |       0 |      27 |   0.0 |       0 |      13 |   0.0 |  1099
           D:2 |       0 |     110 |   0.0 |       0 |      16 |   0.0 |  1512
           D:3 |       0 |      16 |   0.0 |       0 |       6 |   0.0 |   197
               +---------+---------+-------+---------+---------+-------+---------
